 Dungeon Crawl Stone Soup version 0.17-a0-1910-g4c791fa (webtiles) character file.

998 derrpe the Jinx (level 8, -17/54 HPs)
             Began as a Formicid Arcane Marksman on Sept 25, 2015.
             Was a Believer of Cheibriados.
             Demolished by an ogre
             ... wielding a +0 giant club
              (29 damage)
             ... on level 5 of the Dungeon.
             The game lasted 00:17:16 (7369 turns).

derrpe the Jinx (Formicid Arcane Marksman)          Turns: 7369, Time: 00:17:16

Health: -17/54     AC:  4    Str: 22    XL:     8   Next: 42%
Magic:  4/13       EV: 12    Int: 19    God:    Cheibriados [**....]
Gold:   170        SH:  0    Dex: 15    Spells: 3 memorised, 7 levels left

rFire  . . .     SeeInvis +     b - +0 hand crossbow
rCold  . . .     Clarity  .     t - +1 leather armour
rNeg   . . .     SustAt   +     (no shield)
rPois  .         Gourm    .     (helmet unavailable)
rElec  .         Spirit   .     (no cloak)
rCorr  .         Warding  .     (no gloves)
rMut   .         Stasis   +     (no boots)
MR     .....                    (no amulet)
Stlth  ++........               k - ring of sustain attributes
                                o - ring of stealth

@: very slow, not resistant to hostile enchantments, unstealthy
A: permanent stasis, dig shafts and tunnels, four strong arms, antennae 3
a: Dig, Shaft Self, Bend Time, Renounce Religion


You were on level 5 of the Dungeon.
You worshipped Cheibriados.
Cheibriados was pleased with you.
You were not hungry.

You visited 1 branch of the dungeon, and saw 5 of its levels.

You collected 170 gold pieces.

Inventory:

Hand weapons
 a - a +1 dagger of venom
 b - a +0 hand crossbow (weapon)
 y - a +0 halberd
Missiles
 f - 22 bolts (quivered)
Armour
 t - a +1 leather armour (worn)
 v - a +0 plate armour
Jewellery
 k - a ring of sustain attributes (right hand)
 o - a ring of stealth (left hand)
 s - a +6 ring of intelligence {unknown}
Magical devices
 c - a wand of slowing (46)
 g - a wand of frost (13)
 w - a wand of lightning (6)
Scrolls
 i - 2 scrolls of enchant armour
 j - a scroll of enchant weapon {unknown}
 q - 3 scrolls of identify
 r - 2 scrolls of remove curse
 z - a scroll of fear {unknown}
Potions
 l - a potion of curing {unknown}
 n - 2 potions of brilliance
 p - 2 potions of poison {unknown}
 u - a potion of flight {unknown}
 A - a potion of heal wounds {unknown}
 B - a potion of haste {unknown}
Books
 d - a book of Debilitation

   Spells                             Type                      Level
   a - Corona                         Hexes                        1
   b - Slow                           Hexes                        2
   c - Gell's Gravitas                Hexes/Translocation          3
   d - Inner Flame                    Hexes/Fire                   3
   e - Cause Fear                     Hexes                        4
   f - Leda's Liquefaction            Hexes/Earth                  4
 m - a book of Frost

   Spells                             Type                      Level
   a - Freeze                         Ice                          1
   b - Throw Frost                    Conjuration/Ice              2
   c - Ozocubu's Armour               Charms/Ice                   3
   d - Throw Icicle                   Conjuration/Ice              4
   e - Summon Ice Beast               Ice/Summoning                4
   f - Condensation Shield            Ice                          4
 x - a book of Hinderance

   Spells                             Type                      Level
   a - Confusing Touch                Hexes                        2
   b - Confuse                        Hexes                        3
   c - Gell's Gravitas                Hexes/Translocation          3
   d - Petrify                        Transmutation/Earth          4
   e - Metabolic Englaciation         Hexes/Ice                    5
Comestibles
 e - 6 bread rations {@e1}
 h - 2 meat rations {@e2}


   Skills:
 + Level 1.1 Fighting
 * Level 4.6 Crossbows
 + Level 0.2 Armour
 + Level 1.9 Dodging
 + Level 3.3 Spellcasting
 - Level 8.0 Hexes
 - Level 5.0 Invocations


You had 7 spell levels left.
You knew the following spells:

 Your Spells              Type           Power        Failure   Level  Hunger
a - Corona                Hex            ####...      1%          1    None
b - Slow                  Hex            ####....     1%          2    ##.....
c - Confuse               Hex            ####....     1%          3    ###....


Dungeon Overview and Level Annotations

Branches:
Dungeon (5/15)
 Temple: D:4-7

Altars:
Ashenzari
Cheibriados
Kikubaaqudgha
Nemelex Xobeh
Okawaru
Sif Muna
Vehumet
The Shining One

Annotations:
D:5 Sigmund


Innate Abilities, Weirdness & Mutations

You are under a permanent stasis effect.
You can dig through walls and to a lower floor.
Your four strong arms can wield two-handed weapons with a shield.
You have a pair of large antennae on your head (SInv).


Message History

Input macro trigger key: \{-1013} Input macro action: zc.
Created macro '\{-1013}' => 'zc.'.
Casting: Slow
Confirm with . or Enter, or press ? or * to list all spells.
Aiming: Confuse
Press: ? - help, Shift-Dir - straight line, f/p - ogre
Aim: an ogre, wielding a giant club (heavily wounded, chance to defeat MR: 62%)
The ogre resists with significant effort.
The ogre hits you with a giant club!
* * * LOW HITPOINT WARNING * * *
Casting: Confuse
Confirm with . or Enter, or press ? or * to list all spells.
Aiming: Confuse
Press: ? - help, Shift-Dir - straight line, f/p - ogre
Aim: an ogre, wielding a giant club (heavily wounded, chance to defeat MR: 62%)
The ogre resists with significant effort.
The ogre hits you with a giant club!!
Ouch! That really hurt!
You die...

#... .#.......#.( #...
'.......#(. +.).
#.......'. #...
#......(####'####...
#.....(.............
#...................
#..O(...............
...###@####............
...........#............
#...##.>...#............
## ##.....'............
#......#............
#......#............
#......#............
#......#............
#......#............


You could see an ogre.

Vanquished Creatures
  A hungry ghost (D:5)
  An ogre (D:4)
  An orc warrior (D:4)
  2 giant frogs
  2 crimson imps (D:5)
  A quasit (D:5)
  A giant frog skeleton (D:5)
  An orc priest (D:4)
  Ijyb (D:2)
  2 orc wizards (D:5)
  2 iguanas
  2 worker ants (D:4)
  A gnoll (D:1)
  10 adders
  A shadow imp (D:5)
  3 oozes
  5 worms
  3 giant geckos
  11 orcs
  5 giant cockroaches
  12 goblins
  7 hobgoblins
  6 jackals (D:4)
  A quokka (D:5)
  6 bats
  3 giant newts
  A jackal skeleton (D:4)
  8 kobolds
  12 rats
112 creatures vanquished.

Vanquished Creatures (others)
  An orc (D:4)
1 creature vanquished.

Grand Total: 113 creatures vanquished

Notes
Turn   | Place    | Note
--------------------------------------------------------------
     0 | D:1      | derrpe the Formicid Arcane Marksman began the quest for the Orb.
     0 | D:1      | Reached XP level 1. HP: 15/15 MP: 2/2
   207 | D:1      | Reached XP level 2. HP: 9/21 MP: 3/3
   218 | D:1      | Reached skill level 4 in Hexes
   968 | D:2      | Reached XP level 3. HP: 23/26 MP: 4/4
  1720 | D:2      | Learned a level 2 spell: Slow
  2014 | D:2      | Reached XP level 4. HP: 20/32 MP: 0/5
  2219 | D:2      | Reached skill level 5 in Hexes
  2728 | D:2      | Found a snail-covered altar of Cheibriados.
  2846 | D:2      | Found a shattered altar of Ashenzari.
  2848 | D:2      | Found a sparkling altar of Nemelex Xobeh.
  2877 | D:2      | Became a worshipper of Cheibriados the Contemplative
  2970 | D:2      | Noticed Ijyb
  2985 | D:2      | Killed Ijyb
  2985 | D:2      | Reached skill level 1 in Invocations
  2985 | D:2      | Reached XP level 5. HP: 26/37 MP: 6/6
  3250 | D:2      | Found an ancient bone altar of Kikubaaqudgha.
  3252 | D:2      | Found a deep blue altar of Sif Muna.
  3679 | D:3      | Found an iron altar of Okawaru.
  3855 | D:3      | Learned a level 3 spell: Confuse
  4455 | D:3      | Acquired Cheibriados's first power
  4538 | D:3      | Reached XP level 6. HP: 33/43 MP: 4/8
  5193 | D:3      | Reached skill level 5 in Invocations
  5286 | D:4      | Reached skill level 6 in Hexes
  5286 | D:4      | Reached XP level 7. HP: 40/48 MP: 6/10
  5676 | D:4      | Noticed an orc warrior
  5721 | D:4      | Killed an orc warrior
  6058 | D:4      | Reached skill level 7 in Hexes
  6215 | D:5      | Entered Level 5 of the Dungeon
  6512 | D:5      | Found a radiant altar of Vehumet.
  6558 | D:5      | Noticed a hungry ghost
  6561 | D:5      | Reached XP level 8. HP: 54/54 MP: 7/11
  6575 | D:5      | Killed a hungry ghost
  6759 | D:5      | Found a glowing golden altar of the Shining One.
  6851 | D:5      | Reached skill level 8 in Hexes
  7341 | D:5      | Noticed Sigmund
  7369 | D:5      | Demolished by an ogre

Vault maps used:
D:1:      lemuel_arrival_cross
D:2:      nicolae_overflow_hidden_temple, cheibriados_altar_wand_db, uniq_iyjb
D:3:      okawaru_trees_2, first_bread
D:4:      hex_intersection, minmay_misc_feat_plants
D:5:      nicolae_tso_carved_into_rock, vehumet_altar_wand_db, uniq_sigmund

Action                   |  1- 3 |  4- 6 |  7- 9 || total
-------------------------+-------+-------+-------++-------
Melee: Dagger            |    76 |   207 |    85 ||   368
       Halberd           |       |       |    77 ||    77
 Fire: Hand crossbow     |     7 |     7 |    28 ||    42
 Cast: Corona            |     5 |    27 |    18 ||    50
       Slow              |     2 |    18 |    13 ||    33
       Confuse           |       |       |     6 ||     6
  Use: Scroll            |       |     7 |       ||     7
       Potion            |       |       |     2 ||     2
 Stab: Invisible         |       |       |     2 ||     2
  Eat: Chunk             |     4 |    10 |     6 ||    20
       Beef jerky        |       |     1 |       ||     1
       Pizza             |       |       |     1 ||     1
